 Dungeon Crawl Stone Soup version 0.21-a0-95-g06f091e (webtiles) character file.

62 Ijustatesigmund the Skirmisher (level 4, -11/50 HPs)
             Began as an Ogre Hunter on July 4, 2017.
             Mangled by an ogre
             ... wielding a cursed -3 giant club
              (25 damage)
             ... on level 4 of the Dungeon.
             The game lasted 00:04:11 (1649 turns).

Ijustatesigmund the Skirmisher (Ogre Hunter)        Turns: 1649, Time: 00:04:12

Health: -11/50     AC:  4    Str: 16    XL:     4   Next: 8%
Magic:  4/4        EV:  7    Int: 12    God:
Gold:   51         SH:  8    Dex: 10    Spells: 3/3 levels left

rFire    . . .     SeeInvis .   a - +1 spear
rCold    . . .     Gourm    .   h - +2 shield
rNeg     . . .     Faith    .   b - +1 robe
rPois    .         Spirit   .   (helmet restricted)
rElec    .         Reflect  .   (no cloak)
rCorr    .         Harm     .   (gloves unavailable)
MR       .....                  (boots unavailable)
Stlth    +.........             k - amulet of magic regeneration
HPRegen  0.16/turn              (no ring)
MPRegen  0.34/turn              (no ring)

@: no status effects
A: unfitting armour, tough skin 1
a: no special abilities


You were on level 4 of the Dungeon.
You were not hungry.

You visited 1 branch of the dungeon, and saw 3 of its levels.

You collected 51 gold pieces.

Inventory:

Hand Weapons
 a - a +1 spear (weapon)
 e - a +0 flail
Missiles
 c - 5 large rocks (quivered)
 d - 2 throwing nets
Armour
 b - a +1 robe (worn)
 h - a +2 shield (worn)
Jewellery
 k - an amulet of magic regeneration (around neck)
Potions
 p - a potion of ambrosia
 r - 2 potions of curing
Comestibles
 f - 2 bread rations
 g - a chunk of flesh
 q - a fruit
 s - a royal jelly


   Skills:
 + Level 5.6 Fighting
 - Level 4.0 Throwing
 - Level 1.7 Dodging
 - Level 0.6 Stealth


You had 3 spell levels left.
You didn't know any spells.

Dungeon Overview and Level Annotations

Branches:
Dungeon (2/15)

Altars:
Ashenzari


Innate Abilities, Weirdness & Mutations

You are too large for most types of armour.
You have tough skin. (AC +1)


Message History

You hit the ogre.
The ogre is moderately wounded.
You block the ogre's attack.
You hit the ogre.
The ogre is heavily wounded.
The ogre hits you with a giant club.
You are too injured to fight recklessly!
You are too injured to fight recklessly!
You are too injured to fight recklessly!
You are too injured to fight recklessly!
You are too injured to fight recklessly!
Your shield prevents you from hitting the ogre.
The ogre is heavily wounded.
The ogre hits you with a giant club!
* * * LOW HITPOINT WARNING * * *
You hit the ogre.
The ogre is severely wounded.
The ogre hits you with a giant club!!
Ouch! That really hurt!
You die...

#.#.. #.#.. ....
... #.. #####
#.. #..$
#.O####.####
######
#..@[......#
......
#.....#####.##)#
#.). ..!.#
#.##.######...
#.#
#.##.##......† #
#.##.##.###...
#.##.##.# #...
#.##.##.#####.
..##..........
####...#...


You could see an ogre.

Vanquished Creatures
  A hound (D:4)
  A leopard gecko (D:2)
  2 orcs (D:4)
  2 ball pythons (D:1)
  6 bats
  A giant cockroach (D:2)
  A goblin (D:1)
  A hobgoblin (D:1)
  3 jackals (D:4)
  A quokka (D:2)
  3 frilled lizards
  6 kobolds
  3 rats
31 creatures vanquished.

Notes
Turn   | Place    | Note
-------+----------+-------------------------------------------
     0 | D:1      | Ijustatesigmund the Ogre Hunter began the quest for the Orb.
     0 | D:1      | Reached XP level 1. HP: 22/22 MP: 1/1
    23 | D:1      | Reached skill level 3 in Fighting
   173 | D:1      | Found a shattered altar of Ashenzari.
   209 | D:1      | Reached XP level 2. HP: 32/32 MP: 2/2
   510 | D:1      | Reached skill level 4 in Fighting
  1097 | D:2      | Reached XP level 3. HP: 24/40 MP: 3/3
  1521 | D:2      | You fall through a shaft for 2 floors!
  1576 | D:4      | Reached skill level 5 in Fighting
  1576 | D:4      | Reached XP level 4. HP: 45/50 MP: 4/4
  1643 | D:4      | Noticed an ogre
  1649 | D:4      | Mangled by an ogre

Vault maps used:
D:1:      eino_arrival_water_cross, minivault_24, ashenzari_altar_1
D:2:      minmay_kobold_bridge, lemuel_coloured_pillars_altar, first_bread
D:4:      eat_drink_and_be_merry_uskayaw, nicolae_overflow_hidden_temple,
          enter_ossuary_3, kennysheep_okawaru_gauntlet

Skill      XL: |  1  2  3 |
---------------+----------+-----
Fighting       | 3 4 5 |  5.6
Throwing       | |  4.0
Dodging        | |  1.7
Stealth        | |  0.6

Action                   |  1- 3 |  4- 6 || total
-------------------------+-------+-------++-------
Melee: Spear             |   119 |    22 ||   141
  Use: Scroll            |     8 |     1 ||     9
  Eat: Chunk             |     1 |     1 ||     2
       Fruit             |     1 |       ||     1
Armor: Robe              |    32 |     6 ||    38
Dodge: Dodged            |    51 |     8 ||    59
Block: Shield            |    25 |    14 ||    39
